 Dungeon Crawl Stone Soup version 0.30-a0-341-g682706514a (webtiles) character file.

Game seed: 951956515123283787

48 greasedhog the Trooper (level 3, -2/30 HPs)
             Began as a Merfolk Fighter on Nov 2, 2022.
             Succumbed to an orc's poison
             ... on level 3 of the Dungeon.
             The game lasted 00:01:42 (1521 turns).

greasedhog the Trooper (Merfolk Fighter)            Turns: 1521, Time: 00:01:43

Health: -2/30      AC:  6    Str: 22    XL:     3   Next: 72%
Magic:  3/3        EV: 10    Int:  7    God:
Gold:   149        SH: 10    Dex: 15    Spells: 2/2 levels left

rFire   . . .      SeeInvis .    a - +0 trident
rCold   . . .      Faith    .    c - +0 buckler
rNeg    . . .      Spirit   .    b - +0 scale mail
rPois   .          Reflect  +    (no helmet)
rElec   .          Harm     .    (no cloak)
rCorr   .          Rampage  .    (no gloves)
Will    .....                    (no boots)
Stlth   ..........               k - amulet of reflection
HPRegen 0.25/turn                i - +6 ring of strength
MPRegen 0.08/turn                (no ring)

@: mighty, lethally poisoned (-2 -> -15)
A: (nimble swimmer 2), mertail
a: no special abilities


You were on level 3 of the Dungeon.
You visited 1 branch of the dungeon, and saw 3 of its levels.

You collected 149 gold pieces.

Inventory:

Hand Weapons
 a - a +0 trident (weapon)
Missiles
 j - 2 curare-tipped darts (quivered)
Armour
 b - a +0 scale mail (worn)
 c - a +0 buckler (worn)
Jewellery
 i - a +6 ring of strength (left hand)
 k - an amulet of reflection (around neck)
Scrolls
 e - 3 scrolls of teleportation
 g - 2 scrolls of poison
 h - a scroll of silence
 m - 2 scrolls of identify
 p - 3 scrolls of acquirement {unknown}
Potions
 d - a potion of might
 f - a potion of cancellation
 l - a potion of berserk rage {unknown}
 n - a potion of lignification {unknown}
 o - a potion of curing
 q - a potion of magic {unknown}


   Skills:
 * Level 3.9 Fighting
 * Level 3.7 Polearms
 - Level 2.1 Armour
 * Level 2.3 Dodging
 - Level 3.0 Shields


You had 2 spell levels left.
You didn't know any spells.
Your spell library contained the following spells:

 Spells                   Type           Power      Damage    Failure   Level
 Dazzling Flash           Conj/Hex       0%         N/A       99%         3
 Iskenderun's Mystic Bla  Conj/Tloc      0%         2d3       100%        4
 Starburst                Conj/Fire      0%         6d3       100%        6


Dungeon Overview and Level Annotations

Branches:
Dungeon (3/15)

Altars:


Innate Abilities, Weirdness & Mutations

((You are very nimble when in or above water. (Stealth+, EV+, Speed+++)))
Your lower body shifts to a powerful aquatic tail in water.


Message History

No target in view!
No target in view!
No target in view!
No target in view!
No target in view!
No target in view!
No target in view!
e - 3 scrolls of teleportation (gained 1)
m - 2 scrolls of identify (gained 1)
An orc priest and 3 orcs come into view.
An orc is wielding a +1 hand axe of venom.
The orc shouts! x2; The orc priest shouts!
The orc shouts!
There are monsters nearby!
There are monsters nearby!
The orc attacks as you move away! You block the orc's attack.
The orc attacks as you move away! The orc closely misses you.
The orc attacks as you move away! The orc barely misses you.
The orc attacks as you move away! You block the orc's attack.
The orc attacks as you move away! The orc hits you but does no damage.
You are poisoned.
You feel very sick. The orc attacks as you move away!
The orc hits you with a +1 hand axe of venom.
You are more poisoned.
You feel very sick.
You feel very sick.
You feel very sick. The orc attacks as you move away!
The orc closely misses you.
You feel sick.
You feel sick. The orc attacks as you move away! You block the orc's attack.
You feel sick.
You feel sick.
The orc priest looks encouraged for a moment.
Things that are here:
a +0 dagger; 3 poisoned darts; a kobold corpse You feel very mighty all of a sudden.
You feel sick.
The orc hits you with a +1 hand axe of venom.
* * * LOW HITPOINT WARNING * * *
You are more poisoned.
You puncture the orc!
You kill the orc!
You die...

#. #............. #.#
#.# #.....#####.## #.#
#.#.#..........o.. #.#
#.#.......#.##.#.. #.#
#.####'#..####.#.# #.#
#.#....#..o.oo.#.o #.#
#.#.####.#########
##.#####...o.o.........
.
#.......@)o####........
. #######..#########
######### # #.)......#
#.#####.## #.....#.#
###..<#.# #.#.#.#
#...#.# #####.#


You could see an orc priest and 2 orcs.

Vanquished Creatures
  An adder (D:3)
  A dart slug (D:2)
  An orc (D:3)
  4 bats (D:1)
  6 endoplasms
  7 goblins
  5 hobgoblins (D:1)
  2 quokkas
  2 ball pythons
  A frilled lizard (D:1)
  2 kobolds
  3 rats
35 creatures vanquished.

Notes
Turn   | Place    | Note
-------+----------+-------------------------------------------
     0 | D:1      | greasedhog the Merfolk Fighter began the quest for the Orb.
     0 | D:1      | Reached XP level 1. HP: 18/18 MP: 1/1
    70 | D:1      | Reached skill level 1 in Dodging
    70 | D:1      | Reached XP level 2. HP: 13/24 MP: 2/2
   511 | D:1      | Reached XP level 3. HP: 21/30 MP: 3/3
   852 | D:2      | Found a faded altar of an unknown god.
  1521 | D:3      | Succumbed to an orc's poison

Illustrated notes

Levels and vault maps discovered:
D:1:      dpeg_arrival_pits, layout_basic, moated_statue, minivault_4
D:2:      layout_loops_ring, ebering_ecumenical_altar_box
D:3:      layout_basic

Skill      XL: |  1  2  3 |
---------------+----------+-----
Polearms       | 3 |  3.7
Dodging        | 1 2 |  2.3
Fighting       | |  3.9
Armour         | |  2.1
Shields        | |  3.0

Action                   || total
-------------------------++-------
Melee: Trident           ||    92
  Use: Scroll            ||     5
       Potion            ||     1
Armor: Scale mail        ||    29
Dodge: Dodged            ||    34
Block: Buckler           ||    25
       Reflection        ||     3

Table legend: (Time is in decaauts)
 A = Elapsed time spent in this place.
 B = Non-inter-level travel time spent in this place.
 C = Inter-level travel time spent in this place.
 D = Time resting spent in this place.
 E = Time spent auto-exploring this place.
 F = Levels seen in this place.
 G = Mean time per level.
                   A        B        C        D        E       F      G
               +--------+--------+--------+--------+--------+-----+--------+
         Total |   1530 |   1413 |    117 |      0 |   1157 |   3 |  510.0 |
       Dungeon |   1530 |   1413 |    117 |      0 |   1157 |   3 |  510.0 |
               +--------+--------+--------+--------+--------+-----+--------+

Top non-repeatable levels by time:
     D:1: 822 daAuts
     D:2: 601 daAuts
     D:3: 106 daAuts
